 Dungeon Crawl Stone Soup version 0.19-a0-1292-g796ee4d (webtiles) character file.

82 Ijustatesigmund the Sneak (level 4, -3/30 HPs)
             Began as an Octopode Assassin on Aug 30, 2016.
             Slain by a hobgoblin (6 damage)
             ... led by Robin
             ... on level 3 of the Dungeon.
             The game lasted 00:02:33 (1533 turns).

Ijustatesigmund the Sneak (Octopode Assassin)       Turns: 1533, Time: 00:02:34

Health: -3/30      AC:  1    Str: 10    XL:     4   Next: 43%
Magic:  4/4        EV: 13    Int: 13    God:
Gold:   73         SH:  0    Dex: 14    Spells: 0 memorised, 3 levels left

rFire  . . .     SeeInvis .     a - +2 dagger
rCold  . . .     Gourm    .     (no shield)
rNeg   . . .     Faith    .     (helmet restricted)
rPois  .         Spirit   .     (no amulet)
rElec  .         Dismiss  .     (no ring)
rCorr  .         Reflect  .     (no ring)
MR     .....     Harm     .     (no ring)
Stlth  ++++......               (no ring)
                                (no ring)
                                (no ring)
                                (no ring)
                                (no ring)

@: lethally poisoned (-3 -> -30)
A: almost no armour, stealthy swim, amphibious, 8 rings, constrict 8, camouflage
1, gelatinous body 1
a: no special abilities


You were on level 3 of the Dungeon.
You were not hungry.

You visited 1 branch of the dungeon, and saw 3 of its levels.

You collected 73 gold pieces.

Inventory:

Hand Weapons
 a - a +2 dagger (weapon)
 b - a +0 blowgun
Missiles
 c - 21 poisoned needles
 d - 2 curare-tipped needles
 h - 3 tomahawks (quivered)
Scrolls
 j - a scroll of remove curse
Potions
 e - a potion of haste
 g - a potion of ambrosia {unknown}
 i - a potion of degeneration {unknown}
 k - a potion of heal wounds {unknown}
Comestibles
 f - a bread ration
 l - a beef jerky


   Skills:
 + Level 2.3 Fighting
 + Level 2.6 Short Blades
 + Level 2.8 Throwing
 + Level 2.0 Dodging
 + Level 5.9 Stealth


You had 3 spell levels left.
You didn't know any spells.

Dungeon Overview and Level Annotations

Branches:
Dungeon (3/15)

Altars:

Annotations:
D:3 Robin


Innate Abilities, Weirdness & Mutations

You cannot wear most types of armour.
You are very stealthy in the water.
You are amphibious.
You can wear up to eight rings at the same time.
You can use your tentacles to constrict eight enemies at once.
Your skin changes colour to match your surroundings (Stealth+).
Your rubbery body absorbs attacks. (AC +1, EV +1)


Message History

The hobgoblin hits you. The hobgoblin misses you.
Robin roars a battlecry!
The goblins go into a battle-frenzy!
You barely miss the hobgoblin.
The hobgoblin is severely wounded.
You constrict the hobgoblin.
You kill the hobgoblin!
You feel sick. The bat hits you but does no damage.
The goblin hits you but does no damage.
You are more poisoned.
The goblin hits you. The hobgoblin barely misses you.
You closely miss the hobgoblin. Your grab misses the hobgoblin.
Your squeeze misses the hobgoblin.
* * * LOW HITPOINT WARNING * * *
You feel sick.
The goblin hits you with a dagger of venom.
* * * LOW HITPOINT WARNING * * *
The hobgoblin closely misses you. The goblin barely misses you.
The hobgoblin hits you.
You die...

..........
........#
.......# ......
# #..g.##.#
#..gg.#.###
.####?#gg......
......g@gb.....
.####.#gg##.###
#.....# #.....#
#....!# #.<...#
#.....#
####......
#.###..


You could see Robin, 3 hobgoblins, 5 goblins and a bat.

Vanquished Creatures
  4 adders (D:2)
  An ooze (D:2)
  A worm (D:2)
  2 dart slugs (D:2)
  2 giant cockroaches (D:2)
  4 goblins
  4 hobgoblins
  5 jackals
  A kobold (D:2)
  A ball python (D:1)
  4 bats
  2 giant newts
  4 rats
35 creatures vanquished.

Vanquished Creatures (others)
  A bat (D:1)
  A giant newt (D:1)
2 creatures vanquished.

Grand Total: 37 creatures vanquished

Notes
Turn   | Place    | Note
-------+----------+-------------------------------------------
     0 | D:1      | Ijustatesigmund the Octopode Assassin began the quest for the Orb.
     0 | D:1      | Reached XP level 1. HP: 14/14 MP: 1/1
   133 | D:1      | Reached XP level 2. HP: 18/19 MP: 2/2
   708 | D:2      | Reached XP level 3. HP: 20/24 MP: 3/3
  1009 | D:2      | Reached XP level 4. HP: 22/29 MP: 4/4
  1525 | D:3      | Noticed Robin
  1533 | D:3      | Slain by a hobgoblin

Vault maps used:
D:1:      lightli_arrival_flooded_house, lemuel_old_faithful
D:3:      minmay_overflow_temple_star_quad, minmay_misc_feat_encased,
          hex_medium, serial_bayou_pond_a, tso_metal_star, uniq_grinder,
          uniq_robin

Skill      XL: |  1  2  3  4 |
---------------+-------------+-----
Dodging        | 2 |  2.0
Fighting       | |  2.3
Short Blades   | |  2.6
Throwing       | |  2.8
Stealth        | |  5.9

Action                   |  1- 3 |  4- 6 || total
-------------------------+-------+-------++-------
Melee: Dagger            |    63 |    15 ||    78
       Constrict         |    15 |     4 ||    19
       Tentacles         |     6 |     2 ||     8
  Use: Scroll            |     4 |     2 ||     6
 Stab: Sleeping          |     9 |       ||     9
  Eat: Chunk             |       |     2 ||     2
Armor: Skin              |     8 |     2 ||    10
Dodge: Dodged            |    39 |    16 ||    55
